3247 views
Uploaded 2019-12-01 21:16:47
Game version 1.32.0.3 / 1.32.0.3.1
19:58 long 4on4 ladder game on (8)MarketSquare
Saved by iggythefisk
3247 views
Uploaded 2019-12-01 21:16:47
Game version 1.32.0.3 / 1.32.0.3.1
19:58 long 4on4 ladder game on (8)MarketSquare


117 units @ 13.5k
/ 1.1k
126 buildings @ 10.6k
/ 4.5k



| Scroll of Regeneration | 2 | 200 |
| Lesser Clarity Potion | 1 | 70 |
| Staff of Sanctuary | 1 | 250 |
| Boots of Speed | 3 | 750 |
| Staff of Teleportation | 3 | 450 |
| total: | 10 | 1720g |
| Peasant | 19 | 1425 | / | 0 |
| Priest | 2 | 270 | / | 20 |
| total: | 21 | 1695g | / | 20w |
| Scout Tower | 44 | 1320 | / | 880 |
| Arcane Tower | 5 | 350 | / | 250 |
| Guard Tower | 18 | 1260 | / | 900 |
| Altar of Kings | 1 | 180 | / | 50 |
| Lumber Mill | 1 | 120 | / | 0 |
| Farm | 5 | 400 | / | 100 |
| Arcane Vault | 2 | 260 | / | 60 |
| Town Hall | 1 | 385 | / | 205 |
| Arcane Sanctum | 1 | 150 | / | 140 |
| Keep | 1 | 320 | / | 210 |
| Castle | 1 | 360 | / | 210 |
| total: | 55 | 2815g | / | 1435w |
| 0:02 | Peasant |
| 0:04 | Altar of Kings |
| 0:11 | Peasant |
| 0:19 | Lumber Mill |
| 0:24 | Farm |
| 0:27 | Peasant |
| 0:33 | Peasant |
| 0:52 | Arcane Vault |
| 0:57 | Peasant |
| 1:10 | Scout Tower |
| 1:12 | Peasant |
| 1:18 | Farm |
| 1:34 | Peasant |
| 1:35 | Peasant |
| 1:50 | Arcane Tower |
| 1:54 | Peasant |
| 2:03 | Summon Water Elemental |
| 2:08 | Peasant |
| 2:10 | Improved Masonry |
| 2:12 | Scout Tower |
| 2:28 | Peasant |
| 2:31 | Scout Tower |
| 2:33 | Peasant |
| 2:43 | Arcane Tower |
| 3:04 | Guard Tower |
| 3:07 | Scout Tower |
| 3:26 | Scroll of Regeneration |
| 3:28 | Peasant |
| 3:28 | Peasant |
| 3:37 | Scout Tower |
| 3:37 | Guard Tower |
| 4:03 | Keep |
| 4:17 | Boots of Speed |
| 4:18 | Staff of Teleportation |
| 4:32 | Scout Tower |
| 4:33 | Scout Tower |
| 4:34 | Guard Tower |
| 5:17 | Scout Tower |
| 5:25 | Guard Tower |
| 5:26 | Scout Tower |
| 5:27 | Scout Tower |
| 5:46 | Brilliance Aura |
| 6:14 | Guard Tower |
| 6:15 | Guard Tower |
| 6:16 | Scout Tower |
| 6:17 | Scout Tower |
| 6:57 | Town Hall |
| 6:59 | Summon Water Elemental |
| 7:01 | Scout Tower |
| 7:02 | Scout Tower |
| 7:06 | Scout Tower |
| 7:06 | Scout Tower |
| 7:07 | Scout Tower |
| 7:08 | Scout Tower |
| 7:08 | Scout Tower |
| 7:09 | Scout Tower |
| 7:09 | Scout Tower |
| 7:13 | Guard Tower |
| 7:20 | Farm |
| 7:21 | Arcane Sanctum |
| 7:44 | Advanced Masonry |
| 7:44 | Improved Lumber Harvesting |
| 7:45 | Arcane Tower |
| 7:46 | Guard Tower |
| 8:14 | Castle |
| 8:19 | Farm |
| 9:04 | Peasant |
| 9:31 | Farm |
| 9:33 | Guard Tower |
| 9:45 | Magic Sentry |
| 9:48 | Guard Tower |
| 9:49 | Scout Tower |
| 9:50 | Scout Tower |
| 9:50 | Peasant |
| 9:53 | Storm Bolt |
| 10:21 | Scout Tower |
| 10:21 | Scout Tower |
| 10:22 | Scout Tower |
| 10:22 | Scout Tower |
| 10:24 | Guard Tower |
| 10:26 | Peasant |
| 10:29 | Arcane Vault |
| 10:31 | Scout Tower |
| 10:31 | Scout Tower |
| 10:32 | Scout Tower |
| 10:32 | Scout Tower |
| 10:33 | Scout Tower |
| 10:41 | Boots of Speed |
| 10:51 | Staff of Teleportation |
| 11:24 | Guard Tower |
| 11:25 | Scout Tower |
| 11:26 | Scout Tower |
| 11:26 | Scout Tower |
| 11:27 | Scout Tower |
| 11:28 | Scout Tower |
| 11:33 | Priest Adept Training |
| 11:33 | Priest |
| 11:35 | Arcane Tower |
| 11:59 | Scout Tower |
| 11:59 | Scout Tower |
| 12:00 | Scout Tower |
| 12:20 | Guard Tower |
| 12:22 | Scout Tower |
| 12:22 | Scout Tower |
| 12:24 | Arcane Tower |
| 12:53 | Holy Light |
| 13:07 | Brilliance Aura |
| 13:14 | Priest Master Training |
| 13:14 | Priest |
| 13:16 | Guard Tower |
| 13:21 | Scout Tower |
| 14:05 | Boots of Speed |
| 14:05 | Staff of Teleportation |
| 14:10 | Scout Tower |
| 14:10 | Guard Tower |
| 14:12 | Guard Tower |
| 14:15 | Peasant |
| 14:15 | Peasant |
| 14:21 | Bash |
| 14:32 | Imbued Masonry |
| 14:32 | Advanced Lumber Harvesting |
| 14:42 | Guard Tower |
| 16:59 | Guard Tower |
| 17:15 | Scroll of Regeneration |
| 17:21 | Lesser Clarity Potion |
| 17:28 | Staff of Sanctuary |
| 18:52 | Divine Shield |
| Right click | 1325 |
| Select group | 554 |
| Assign group | 373 |
| Select | 313 |
| Chat | 210 |
| Build/train/purchase | 126 |
| Use ability | 43 |
| Misc. action | 16 |
| Item give/drop | 4 |



| Scroll of Regeneration | 1 | 100 |
| Lesser Clarity Potion | 1 | 70 |
| Potion of Mana | 1 | 200 |
| Staff of Sanctuary | 2 | 500 |
| Orb of Fire | 1 | 325 |
| Boots of Speed | 3 | 750 |
| Staff of Teleportation | 3 | 450 |
| Periapt of Vitality | 1 | 325 |
| total: | 13 | 2720g |
| Peasant | 13 | 975 | / | 0 |
| Priest | 2 | 270 | / | 20 |
| total: | 15 | 1245g | / | 20w |
| Scout Tower | 16 | 480 | / | 320 |
| Arcane Tower | 3 | 210 | / | 150 |
| Guard Tower | 10 | 700 | / | 500 |
| Altar of Kings | 1 | 180 | / | 50 |
| Farm | 6 | 480 | / | 120 |
| Lumber Mill | 1 | 120 | / | 0 |
| Arcane Vault | 2 | 260 | / | 60 |
| Arcane Sanctum | 1 | 150 | / | 140 |
| Keep | 1 | 320 | / | 210 |
| Castle | 1 | 360 | / | 210 |
| total: | 27 | 1670g | / | 690w |
| 0:02 | Peasant |
| 0:03 | Peasant |
| 0:08 | Altar of Kings |
| 0:10 | Farm |
| 0:15 | Peasant |
| 0:20 | Lumber Mill |
| 0:33 | Peasant |
| 0:54 | Scout Tower |
| 0:57 | Peasant |
| 1:05 | Peasant |
| 1:10 | Farm |
| 1:16 | Peasant |
| 1:26 | Arcane Tower |
| 1:28 | Scout Tower |
| 1:41 | Arcane Vault |
| 1:48 | Peasant |
| 1:54 | Scout Tower |
| 1:57 | Peasant |
| 2:17 | Storm Bolt |
| 2:21 | Peasant |
| 2:21 | Peasant |
| 2:21 | Peasant |
| 2:32 | Guard Tower |
| 2:36 | Scout Tower |
| 2:41 | Improved Masonry |
| 3:10 | Guard Tower |
| 3:14 | Keep |
| 3:18 | Scroll of Regeneration |
| 3:51 | Boots of Speed |
| 3:51 | Staff of Teleportation |
| 3:55 | Guard Tower |
| 4:02 | Scout Tower |
| 4:26 | Scout Tower |
| 4:28 | Advanced Masonry |
| 4:44 | Guard Tower |
| 4:52 | Scout Tower |
| 5:14 | Guard Tower |
| 5:16 | Scout Tower |
| 5:42 | Arcane Sanctum |
| 5:46 | Guard Tower |
| 5:52 | Farm |
| 6:10 | Scout Tower |
| 6:12 | Lesser Clarity Potion |
| 6:19 | Farm |
| 7:01 | Peasant |
| 7:02 | Magic Sentry |
| 7:06 | Holy Light |
| 7:12 | Farm |
| 7:15 | Guard Tower |
| 7:26 | Scout Tower |
| 7:42 | Arcane Tower |
| 7:46 | Castle |
| 7:59 | Scout Tower |
| 8:41 | Potion of Mana |
| 9:40 | Arcane Tower |
| 9:54 | Arcane Vault |
| 9:58 | Priest |
| 9:58 | Priest Adept Training |
| 10:02 | Farm |
| 10:13 | Staff of Sanctuary |
| 10:37 | Boots of Speed |
| 10:37 | Staff of Teleportation |
| 11:55 | Scout Tower |
| 11:55 | Scout Tower |
| 11:56 | Scout Tower |
| 11:59 | Scout Tower |
| 12:06 | Bash |
| 12:23 | Guard Tower |
| 12:28 | Staff of Sanctuary |
| 12:29 | Orb of Fire |
| 12:52 | Boots of Speed |
| 12:52 | Staff of Teleportation |
| 12:57 | Guard Tower |
| 12:59 | Scout Tower |
| 13:12 | Banish |
| 13:33 | Divine Shield |
| 13:37 | Guard Tower |
| 13:43 | Imbued Masonry |
| 14:19 | Periapt of Vitality |
| 14:38 | Priest |
| 14:38 | Priest Master Training |
| 15:35 | Siphon Mana |
| 16:34 | Storm Bolt |
| 19:51 | Holy Light |
| Right click | 1304 |
| Select | 494 |
| Select group | 308 |
| Build/train/purchase | 110 |
| Assign group | 83 |
| Use ability | 59 |
| Misc. action | 16 |
| Item give/drop | 12 |
| Esc | 7 |
| Minimap ping | 2 |


| Healing Salve | 3 | 300 |
| Lesser Clarity Potion | 1 | 70 |
| total: | 4 | 370g |
| Peon | 13 | 975 | / | 0 |
| Troll Headhunter | 12 | 1680 | / | 240 |
| Shaman | 4 | 520 | / | 80 |
| Troll Berserker | 7 | 980 | / | 140 |
| Troll Witch Doctor | 2 | 290 | / | 50 |
| total: | 38 | 4445g | / | 510w |
| Watch Tower | 2 | 220 | / | 160 |
| Altar of Storms | 1 | 180 | / | 50 |
| Orc Burrow | 6 | 960 | / | 240 |
| War Mill | 2 | 410 | / | 0 |
| Barracks | 1 | 180 | / | 50 |
| Voodoo Lounge | 1 | 130 | / | 30 |
| Great Hall | 2 | 770 | / | 370 |
| Spirit Lodge | 2 | 300 | / | 300 |
| Beastiary | 1 | 145 | / | 140 |
| Stronghold | 1 | 315 | / | 190 |
| Fortress | 1 | 325 | / | 190 |
| total: | 18 | 3295g | / | 1340w |
| 0:01 | Peon |
| 0:03 | Peon |
| 0:14 | Altar of Storms |
| 0:23 | Orc Burrow |
| 0:31 | Peon |
| 0:56 | War Mill |
| 1:00 | Barracks |
| 1:04 | Peon |
| 1:20 | Peon |
| 1:36 | Peon |
| 1:52 | Orc Burrow |
| 2:07 | Troll Headhunter |
| 2:13 | War Stomp |
| 2:18 | Voodoo Lounge |
| 2:19 | Peon |
| 2:22 | Troll Headhunter |
| 2:38 | Troll Headhunter |
| 2:57 | Peon |
| 3:07 | Troll Headhunter |
| 3:07 | Peon |
| 3:24 | Orc Burrow |
| 3:48 | Stronghold |
| 4:06 | Troll Headhunter |
| 4:09 | Endurance Aura |
| 4:24 | Troll Headhunter |
| 4:28 | Steel Ranged Weapons |
| 4:41 | Healing Salve |
| 5:22 | Troll Headhunter |
| 5:37 | Endurance Aura |
| 5:40 | Troll Headhunter |
| 5:41 | Steel Armor |
| 5:44 | Orc Burrow |
| 6:11 | Troll Regeneration |
| 6:28 | Troll Headhunter |
| 6:52 | Fortress |
| 7:11 | Spirit Lodge |
| 7:22 | War Stomp |
| 7:39 | Thorium Ranged Weapons |
| 8:35 | Healing Wave |
| 8:51 | Healing Salve |
| 8:51 | Healing Salve |
| 8:51 | Lesser Clarity Potion |
| 8:57 | Troll Headhunter |
| 8:58 | Shaman |
| 8:58 | Shaman Adept Training |
| 9:00 | Reinforced Defenses |
| 9:14 | Watch Tower |
| 9:29 | Troll Headhunter |
| 9:39 | Shaman |
| 9:42 | Orc Burrow |
| 9:44 | Berserker Upgrade |
| 10:28 | Troll Headhunter |
| 10:51 | Watch Tower |
| 11:06 | Shaman Master Training |
| 11:25 | Hex |
| 11:27 | Troll Berserker |
| 11:27 | Shaman |
| 11:29 | Spirit Lodge |
| 11:34 | Peon |
| 11:34 | Peon |
| 11:35 | War Mill |
| 12:25 | Great Hall |
| 12:27 | Troll Witch Doctor |
| 12:44 | War Stomp |
| 12:55 | Healing Wave |
| 13:18 | Witch Doctor Adept Training |
| 13:37 | Troll Berserker |
| 14:12 | Shaman |
| 14:14 | Troll Witch Doctor |
| 14:24 | Hex |
| 14:34 | Troll Berserker |
| 14:44 | Witch Doctor Master Training |
| 14:46 | Orc Burrow |
| 15:18 | Peon |
| 15:18 | Peon |
| 15:41 | Thorium Armor |
| 16:19 | Great Hall |
| 16:22 | Arcanite Ranged Weapons |
| 16:29 | Troll Berserker |
| 16:56 | Reincarnation |
| 17:18 | Berserker Strength |
| 17:25 | Troll Berserker |
| 17:28 | Beastiary |
| 18:40 | Troll Berserker |
| 19:23 | Troll Berserker |
| 19:38 | Arcanite Armor |
| Right click | 1080 |
| Select | 428 |
| Select group | 410 |
| Build/train/purchase | 106 |
| Misc. action | 42 |
| Assign group | 31 |
| Use ability | 31 |
| Esc | 2 |
| Remove unit | 1 |
| Minimap ping | 1 |


| Scroll of Regeneration | 1 | 100 |
| total: | 1 | 100g |
| Peasant | 13 | 975 | / | 0 |
| Footman | 5 | 675 | / | 0 |
| Rifleman | 15 | 3075 | / | 450 |
| Priest | 7 | 945 | / | 70 |
| Sorceress | 3 | 465 | / | 60 |
| total: | 43 | 6135g | / | 580w |
| Scout Tower | 2 | 60 | / | 40 |
| Arcane Tower | 2 | 140 | / | 100 |
| Altar of Kings | 1 | 180 | / | 50 |
| Farm | 15 | 1200 | / | 300 |
| Barracks | 2 | 320 | / | 120 |
| Blacksmith | 1 | 140 | / | 60 |
| Lumber Mill | 1 | 120 | / | 0 |
| Arcane Vault | 1 | 130 | / | 30 |
| Town Hall | 1 | 385 | / | 205 |
| Arcane Sanctum | 2 | 300 | / | 280 |
| Keep | 1 | 320 | / | 210 |
| Castle | 1 | 360 | / | 210 |
| total: | 26 | 2835g | / | 1085w |
| 0:03 | Peasant |
| 0:07 | Altar of Kings |
| 0:12 | Peasant |
| 0:20 | Farm |
| 0:21 | Barracks |
| 0:23 | Peasant |
| 0:44 | Peasant |
| 0:51 | Farm |
| 0:57 | Peasant |
| 1:11 | Peasant |
| 1:24 | Footman |
| 1:31 | Peasant |
| 1:42 | Farm |
| 1:46 | Farm |
| 1:48 | Footman |
| 1:54 | Peasant |
| 2:11 | Footman |
| 2:14 | Summon Water Elemental |
| 2:23 | Peasant |
| 2:29 | Footman |
| 2:43 | Farm |
| 3:05 | Footman |
| 3:30 | Blacksmith |
| 3:33 | Keep |
| 3:51 | Brilliance Aura |
| 3:58 | Lumber Mill |
| 4:05 | Arcane Vault |
| 4:26 | Farm |
| 5:02 | Scout Tower |
| 5:12 | Rifleman |
| 5:13 | Black Gunpowder |
| 5:19 | Scout Tower |
| 6:08 | Farm |
| 6:09 | Arcane Tower |
| 6:11 | Arcane Tower |
| 6:17 | Rifleman |
| 6:28 | Scroll of Regeneration |
| 6:38 | Long Rifles |
| 6:39 | Studded Leather Armor |
| 6:43 | Farm |
| 6:52 | Farm |
| 7:24 | Summon Water Elemental |
| 7:33 | Rifleman |
| 7:37 | Storm Bolt |
| 7:53 | Arcane Sanctum |
| 8:01 | Peasant |
| 8:01 | Peasant |
| 8:05 | Rifleman |
| 8:49 | Town Hall |
| 8:54 | Rifleman |
| 8:55 | Refined Gunpowder |
| 9:23 | Priest |
| 9:23 | Priest |
| 10:05 | Rifleman |
| 10:07 | Reinforced Leather Armor |
| 10:27 | Priest |
| 10:41 | Bash |
| 11:15 | Peasant |
| 11:15 | Peasant |
| 11:40 | Rifleman |
| 11:42 | Priest |
| 11:43 | Priest Adept Training |
| 11:44 | Castle |
| 11:48 | Barracks |
| 11:57 | Arcane Sanctum |
| 12:08 | Brilliance Aura |
| 12:37 | Rifleman |
| 12:41 | Priest |
| 12:41 | Sorceress |
| 13:04 | Rifleman |
| 13:11 | Farm |
| 13:15 | Sorceress Adept Training |
| 13:44 | Storm Bolt |
| 14:18 | Priest Master Training |
| 14:25 | Rifleman |
| 14:26 | Imbued Gunpowder |
| 14:30 | Sorceress |
| 15:05 | Priest |
| 16:18 | Summon Water Elemental |
| 16:20 | Bash |
| 16:30 | Rifleman |
| 16:32 | Priest |
| 16:33 | Sorceress |
| 16:34 | Dragonhide Armor |
| 17:03 | Storm Bolt |
| 17:13 | Rifleman |
| 17:14 | Rifleman |
| 17:16 | Sorceress Master Training |
| 17:53 | Farm |
| 17:53 | Farm |
| 17:54 | Farm |
| 17:57 | Rifleman |
| 18:05 | Mass Teleport |
| 18:44 | Rifleman |
| 19:47 | Farm |
| 19:47 | Farm |
| Right click | 629 |
| Select | 507 |
| Select group | 99 |
| Build/train/purchase | 94 |
| Chat | 49 |
| Assign group | 44 |
| Use ability | 12 |
| Misc. action | 4 |
| Esc | 1 |
125 units @ 19.9k
/ 2.6k
65 buildings @ 8.3k
/ 3.5k


| Peasant | 12 | 900 | / | 0 |
| Footman | 3 | 405 | / | 0 |
| Rifleman | 3 | 615 | / | 90 |
| Knight | 15 | 3675 | / | 900 |
| Priest | 6 | 810 | / | 60 |
| total: | 39 | 6405g | / | 1050w |
| Scout Tower | 8 | 240 | / | 160 |
| Guard Tower | 8 | 560 | / | 400 |
| Altar of Kings | 1 | 180 | / | 50 |
| Barracks | 1 | 160 | / | 60 |
| Farm | 6 | 480 | / | 120 |
| Lumber Mill | 1 | 120 | / | 0 |
| Blacksmith | 1 | 140 | / | 60 |
| Town Hall | 1 | 385 | / | 205 |
| Arcane Sanctum | 1 | 150 | / | 140 |
| Keep | 1 | 320 | / | 210 |
| Castle | 1 | 360 | / | 210 |
| total: | 20 | 1855g | / | 795w |
| 0:06 | Altar of Kings |
| 0:12 | Barracks |
| 0:15 | Peasant |
| 0:15 | Peasant |
| 0:18 | Peasant |
| 0:28 | Peasant |
| 0:48 | Farm |
| 1:23 | Lumber Mill |
| 1:28 | Farm |
| 1:38 | Footman |
| 1:55 | Footman |
| 2:06 | Footman |
| 2:30 | Blacksmith |
| 2:59 | Improved Masonry |
| 3:01 | Peasant |
| 3:02 | Peasant |
| 3:06 | Peasant |
| 3:13 | Holy Light |
| 4:05 | Farm |
| 4:15 | Keep |
| 4:47 | Devotion Aura |
| 5:08 | Iron Forged Swords |
| 5:08 | Black Gunpowder |
| 5:09 | Iron Plating |
| 5:20 | Farm |
| 5:23 | Rifleman |
| 5:24 | Rifleman |
| 5:25 | Rifleman |
| 5:42 | Scout Tower |
| 6:04 | Scout Tower |
| 6:14 | Studded Leather Armor |
| 6:18 | Scout Tower |
| 6:50 | Improved Lumber Harvesting |
| 7:06 | Scout Tower |
| 7:12 | Scout Tower |
| 7:26 | Castle |
| 8:21 | Divine Shield |
| 8:56 | Arcane Sanctum |
| 9:00 | Scout Tower |
| 9:06 | Advanced Masonry |
| 9:08 | Long Rifles |
| 10:14 | Holy Light |
| 10:22 | Town Hall |
| 10:48 | Sundering Blades |
| 10:52 | Advanced Lumber Harvesting |
| 11:13 | Knight |
| 11:13 | Knight |
| 11:44 | Animal War Training |
| 12:00 | Priest |
| 12:00 | Priest |
| 12:01 | Priest |
| 12:14 | Farm |
| 13:05 | Farm |
| 13:08 | Knight |
| 13:08 | Knight |
| 13:08 | Knight |
| 13:41 | Priest Adept Training |
| 13:42 | Magic Sentry |
| 14:00 | Peasant |
| 14:00 | Peasant |
| 14:00 | Peasant |
| 14:00 | Peasant |
| 14:01 | Peasant |
| 14:13 | Guard Tower |
| 14:15 | Guard Tower |
| 14:16 | Guard Tower |
| 14:30 | Scout Tower |
| 16:04 | Scout Tower |
| 16:07 | Flame Strike |
| 16:09 | Knight |
| 16:10 | Knight |
| 16:10 | Knight |
| 17:06 | Guard Tower |
| 17:07 | Guard Tower |
| 17:09 | Guard Tower |
| 17:10 | Guard Tower |
| 17:12 | Guard Tower |
| 17:21 | Priest Master Training |
| 19:20 | Knight |
| 19:21 | Knight |
| 19:21 | Knight |
| 19:21 | Knight |
| 19:21 | Knight |
| 19:21 | Knight |
| 19:24 | Priest |
| 19:24 | Priest |
| 19:24 | Priest |
| 19:42 | Knight |
| Right click | 371 |
| Select | 157 |
| Build/train/purchase | 76 |
| Use ability | 23 |
| Remove unit | 1 |

| Healing Salve | 2 | 200 |
| Lesser Clarity Potion | 2 | 140 |
| total: | 4 | 340g |
| Peon | 6 | 450 | / | 0 |
| Grunt | 4 | 800 | / | 0 |
| Troll Headhunter | 1 | 140 | / | 20 |
| Demolisher | 3 | 660 | / | 150 |
| Wind Rider | 5 | 1325 | / | 200 |
| Troll Batrider | 1 | 160 | / | 40 |
| total: | 20 | 3535g | / | 410w |
| Watch Tower | 1 | 110 | / | 80 |
| Altar of Storms | 1 | 180 | / | 50 |
| Barracks | 1 | 180 | / | 50 |
| Orc Burrow | 4 | 640 | / | 160 |
| Voodoo Lounge | 1 | 130 | / | 30 |
| War Mill | 1 | 205 | / | 0 |
| Beastiary | 2 | 290 | / | 280 |
| Spirit Lodge | 1 | 150 | / | 150 |
| Stronghold | 1 | 315 | / | 190 |
| Fortress | 1 | 325 | / | 190 |
| total: | 12 | 1885g | / | 800w |
| 0:02 | Peon |
| 0:02 | Peon |
| 0:08 | Altar of Storms |
| 0:22 | Barracks |
| 0:24 | Peon |
| 0:35 | Orc Burrow |
| 0:42 | Peon |
| 0:59 | Peon |
| 1:06 | Peon |
| 1:29 | Grunt |
| 1:38 | Orc Burrow |
| 1:57 | Voodoo Lounge |
| 2:15 | War Mill |
| 2:37 | Grunt |
| 2:38 | Critical Strike |
| 3:05 | Grunt |
| 3:26 | Steel Melee Weapons |
| 3:50 | Wind Walk |
| 4:14 | Stronghold |
| 4:18 | Troll Headhunter |
| 4:19 | Grunt |
| 4:21 | Healing Salve |
| 5:35 | Steel Armor |
| 5:40 | Orc Burrow |
| 5:45 | Orc Burrow |
| 5:48 | Watch Tower |
| 6:03 | Healing Salve |
| 6:07 | Lesser Clarity Potion |
| 7:12 | Demolisher |
| 7:13 | Berserker Strength |
| 7:20 | Beastiary |
| 7:21 | Beastiary |
| 7:34 | Spirit Lodge |
| 7:56 | Lesser Clarity Potion |
| 8:08 | Demolisher |
| 9:00 | Demolisher |
| 9:53 | Wind Rider |
| 9:54 | Wind Rider |
| 9:56 | Wind Rider |
| 9:56 | Wind Rider |
| 10:37 | Fortress |
| 11:12 | Troll Batrider |
| 11:16 | Steel Ranged Weapons |
| 11:51 | Wind Rider |
| Right click | 663 |
| Select | 225 |
| Select group | 73 |
| Build/train/purchase | 63 |
| Assign group | 18 |
| Minimap ping | 7 |
| Misc. action | 6 |
| Use ability | 6 |
| Remove unit | 1 |
| Peasant | 19 | 1425 | / | 0 |
| Footman | 7 | 945 | / | 0 |
| Rifleman | 3 | 615 | / | 90 |
| Knight | 6 | 1470 | / | 360 |
| total: | 35 | 4455g | / | 450w |
| Scout Tower | 1 | 30 | / | 20 |
| Arcane Tower | 1 | 70 | / | 50 |
| Barracks | 2 | 320 | / | 120 |
| Farm | 7 | 560 | / | 140 |
| Lumber Mill | 1 | 120 | / | 0 |
| Blacksmith | 1 | 140 | / | 60 |
| Altar of Kings | 2 | 360 | / | 100 |
| Arcane Vault | 1 | 130 | / | 30 |
| Town Hall | 1 | 385 | / | 205 |
| Gryphon Aviary | 1 | 140 | / | 150 |
| Keep | 1 | 320 | / | 210 |
| Castle | 1 | 360 | / | 210 |
| total: | 17 | 2185g | / | 825w |
| 0:28 | Peasant |
| 0:30 | Peasant |
| 0:34 | Peasant |
| 0:35 | Peasant |
| 0:59 | Barracks |
| 1:02 | Peasant |
| 1:05 | Peasant |
| 1:31 | Farm |
| 1:34 | Peasant |
| 1:36 | Peasant |
| 2:00 | Peasant |
| 2:18 | Scout Tower |
| 2:22 | Peasant |
| 2:24 | Footman |
| 2:31 | Peasant |
| 2:32 | Peasant |
| 2:39 | Farm |
| 3:01 | Farm |
| 3:12 | Arcane Tower |
| 3:29 | Lumber Mill |
| 3:56 | Footman |
| 4:07 | Blacksmith |
| 4:17 | Defend |
| 4:37 | Improved Masonry |
| 4:43 | Footman |
| 5:05 | Altar of Kings |
| 5:10 | Footman |
| 5:23 | Farm |
| 5:30 | Iron Forged Swords |
| 5:36 | Rifleman |
| 6:00 | Altar of Kings |
| 6:06 | Rifleman |
| 6:33 | Barracks |
| 6:37 | Black Gunpowder |
| 6:41 | Keep |
| 7:08 | Farm |
| 7:12 | Farm |
| 8:14 | Arcane Vault |
| 8:20 | Footman |
| 8:21 | Rifleman |
| 9:36 | Farm |
| 10:21 | Long Rifles |
| 11:14 | Refined Gunpowder |
| 11:15 | Steel Forged Swords |
| 11:20 | Advanced Masonry |
| 11:21 | Improved Lumber Harvesting |
| 11:24 | Castle |
| 11:33 | Footman |
| 11:34 | Footman |
| 13:11 | Town Hall |
| 13:32 | Iron Plating |
| 13:33 | Studded Leather Armor |
| 13:44 | Gryphon Aviary |
| 13:55 | Knight |
| 13:57 | Knight |
| 14:16 | Sundering Blades |
| 14:17 | Animal War Training |
| 15:50 | Knight |
| 15:51 | Knight |
| 16:57 | Peasant |
| 16:57 | Peasant |
| 16:57 | Peasant |
| 16:57 | Peasant |
| 17:22 | Steel Plating |
| 17:45 | Peasant |
| 17:46 | Peasant |
| 17:46 | Peasant |
| 19:18 | Knight |
| 19:19 | Knight |
| Right click | 403 |
| Select | 182 |
| Build/train/purchase | 57 |
| Use ability | 3 |
| Esc | 1 |

| Potion of Healing | 1 | 150 |
| total: | 1 | 150g |
| Peon | 10 | 750 | / | 0 |
| Grunt | 8 | 1600 | / | 0 |
| Shaman | 2 | 260 | / | 40 |
| Tauren | 7 | 1960 | / | 560 |
| Forest Troll High Priest | 1 | 305 | / | 40 |
| Kobold Geomancer | 1 | 255 | / | 30 |
| Assassin | 1 | 250 | / | 30 |
| Rogue | 1 | 150 | / | 0 |
| total: | 31 | 5530g | / | 700w |
| Watch Tower | 3 | 330 | / | 240 |
| Altar of Storms | 1 | 180 | / | 50 |
| Orc Burrow | 5 | 800 | / | 200 |
| Barracks | 2 | 360 | / | 100 |
| War Mill | 1 | 205 | / | 0 |
| Voodoo Lounge | 1 | 130 | / | 30 |
| Spirit Lodge | 1 | 150 | / | 150 |
| Tauren Totem | 2 | 270 | / | 310 |
| Stronghold | 1 | 315 | / | 190 |
| Fortress | 1 | 325 | / | 190 |
| total: | 16 | 2425g | / | 1080w |
| 0:21 | Altar of Storms |
| 0:29 | Orc Burrow |
| 0:30 | Peon |
| 0:30 | Peon |
| 0:31 | Peon |
| 0:31 | Peon |
| 0:40 | Peon |
| 0:40 | Peon |
| 1:09 | Peon |
| 1:21 | Barracks |
| 1:37 | War Mill |
| 1:43 | Peon |
| 1:43 | Peon |
| 2:07 | Peon |
| 2:14 | Orc Burrow |
| 2:29 | Wind Walk |
| 2:35 | Grunt |
| 3:10 | Barracks |
| 3:18 | Grunt |
| 3:32 | Watch Tower |
| 4:05 | Stronghold |
| 4:19 | Grunt |
| 4:27 | Watch Tower |
| 5:04 | Grunt |
| 5:07 | Critical Strike |
| 5:24 | Watch Tower |
| 6:19 | Orc Burrow |
| 6:39 | Spirit Lodge |
| 6:41 | Fortress |
| 6:58 | Grunt |
| 6:58 | Grunt |
| 7:12 | Grunt |
| 7:19 | Voodoo Lounge |
| 8:05 | Grunt |
| 8:16 | Wind Walk |
| 8:46 | Shaman Adept Training |
| 8:55 | Potion of Healing |
| 9:42 | Tauren Totem |
| 10:28 | Shaman Master Training |
| 10:28 | Shaman |
| 10:28 | Shaman |
| 10:36 | Tauren Totem |
| 10:56 | Pulverize |
| 11:55 | Critical Strike |
| 12:03 | Tauren |
| 12:15 | Orc Burrow |
| 12:45 | Tauren |
| 13:35 | Steel Melee Weapons |
| 13:35 | Steel Armor |
| 13:42 | Tauren |
| 14:06 | Tauren |
| 14:06 | Tauren |
| 14:11 | Orc Burrow |
| 14:36 | Thorium Melee Weapons |
| 14:46 | Spirit Walker Adept Training |
| 15:51 | Tauren |
| 15:51 | Tauren |
| 16:05 | Wind Walk |
| 16:31 | Forest Troll High Priest |
| 16:32 | Kobold Geomancer |
| 16:32 | Assassin |
| 16:33 | Rogue |
| Right click | 278 |
| Select | 202 |
| Build/train/purchase | 70 |
| Misc. action | 2 |
| Remove unit | 2 |
| Minimap ping | 1 |
⇛